 Dungeon Crawl Stone Soup version 0.28-b1-1-g3c77fb2ed1 (webtiles) character file.

Game seed: 5500314664386737983

1022 Renzlar the Shield-Bearer (level 8, -6/67 HPs)
             Began as a Gnoll Fighter on Jan 30, 2022.
             Was a Follower of Okawaru.
             Mangled by Maggie (14 damage)
             ... on level 6 of the Dungeon.
             The game lasted 00:20:11 (5867 turns).

Renzlar the Shield-Bearer (Gnoll Fighter)           Turns: 5867, Time: 00:20:11

Health: -6/67      AC: 16    Str: 20    XL:     8   Next: 22%
Magic:  10/12      EV: 10    Int:  7    God:    Okawaru [*.....]
Gold:   267        SH:  6    Dex: 10    Spells: 13/13 levels left

rFire   + + .      SeeInvis .   b - +2 mace "Xuhoarr" {venom, rElec rF++ Str+2 Dex-2}
rCold   . . .      Faith    .   o - +0 buckler
rNeg    . . .      Spirit   .   k - +1 chain mail
rPois   .          Reflect  .   j - +0 helmet
rElec   +          Harm     .   (no cloak)
rCorr   .          Rampage  .   g - +0 pair of gloves
Will    .....                   (no boots)
Stlth   +.........              (no amulet)
HPRegen 0.21/turn               (no ring)
MPRegen 0.13/turn               (no ring)

@: heroic, mesmerised
A: fangs 1, strong nose, distributed training
a: Renounce Religion, Heroism


You were on level 6 of the Dungeon.
You worshipped Okawaru.
Okawaru was aware of your devotion.
You visited 2 branches of the dungeon, and saw 7 of its levels.

You collected 267 gold pieces.

Inventory:

Hand Weapons
 a - a +3 vorpal war axe
 b - the +2 mace "Xuhoarr" (weapon) {venom, rElec rF++ Str+2 Dex-2}
   (You found it on level 2 of the Dungeon)

   It poisons the flesh of those it strikes.
   Str:       It affects your strength (+2).
   Dex:       It affects your dexterity (-2).
   rF:        It greatly protects you from fire.
   rElec:     It insulates you from electricity.
 c - a +0 hunting sling
Missiles
 f - 14 bolts
 h - 171 stones (quivered)
 q - 78 sling bullets
 t - 2 poisoned darts
 u - a throwing net
Armour
 g - a +0 pair of gloves (worn)
 j - a +0 helmet (worn)
 k - a +1 chain mail (worn)
 l - a +0 scale mail
 o - a +0 buckler (worn)
Jewellery
 i - a ring of positive energy
 s - a ring of magical power
Wands
 e - a wand of flame (3)
 r - a wand of iceblast (9)
Scrolls
 m - 6 scrolls of teleportation
 v - a scroll of amnesia
Potions
 d - 4 potions of heal wounds
 n - 3 potions of curing
 p - a potion of resistance


   Skills:
 + Level 7.3(12.3) Fighting
 + Level 3.1(8.1) Short Blades
 + Level 3.1(8.1) Long Blades
 + Level 5.5(10.5) Axes
 + Level 3.1(8.1) Maces & Flails
 + Level 3.1(8.1) Polearms
 + Level 3.1(8.1) Staves
 + Level 3.1(8.1) Slings
 + Level 3.1(8.1) Bows
 + Level 3.1(8.1) Crossbows
 + Level 3.1(8.1) Throwing
 + Level 7.3(12.3) Armour
 + Level 3.1(8.1) Dodging
 + Level 3.1(8.1) Stealth
 + Level 7.3(12.3) Shields
 + Level 3.1(8.1) Unarmed Combat
 + Level 3.1 Spellcasting
 + Level 2.5 Conjurations
 + Level 2.5 Hexes
 + Level 2.5 Summonings
 + Level 2.5 Necromancy
 + Level 2.5 Translocations
 + Level 2.5 Transmutations
 + Level 2.5 Fire Magic
 + Level 2.5 Ice Magic
 + Level 2.5 Air Magic
 + Level 2.5 Earth Magic
 + Level 2.5 Poison Magic
 + Level 3.4 Invocations
 + Level 3.1 Evocations


You had 13 spell levels left.
You didn't know any spells.
Your spell library was empty.

Dungeon Overview and Level Annotations

Branches:
Dungeon (6/15)             Temple (1/1) D:4

Altars:
Cheibriados
Dithmenos
Elyvilon
Gozag
Nemelex Xobeh
Okawaru
Qazlal
Ru
Uskayaw
Vehumet
Yredelemnul
Zin
The Shining One

Annotations:
D:4 3 runed translucent doors, BeavisTheGrey's ghost, amateur HOFi
D:6 Maggie; Menkaure


Innate Abilities, Weirdness & Mutations

You have very sharp teeth.
Your uncanny sense of smell can sniff out nearby items.
Your experience applies equally to all skills.


Message History

There is a stone staircase leading up here.
h - 170 stones (gained 1)
h - 171 stones (gained 1)
d - 4 potions of heal wounds (gained 1)
You see here a +0 quarterstaff.
Maggie the Vainglorious comes into view.
She is wielding a +3 war axe.
Press: ? - help, v - describe, . - travel
Here: Maggie, wielding a +3 war axe and wearing +0 swamp dragon scales The floor.
You feel stronger.
You feel clumsy.
The +2 mace "Xuhoarr" {venom, rElec rF++ Str+2 Dex-2} begins to drip with poison!
b - the +2 mace "Xuhoarr" (weapon)
{venom, rElec rF++ Str+2 Dex-2} Maggie casts a spell.
Maggie attempts to bespell you!
You are mesmerised by Maggie!
Maggie points at you and mumbles some strange words.
The bolt of fire hits you. You resist.
Menkaure, Prince of Dust comes into view.
Menkaure shouts!
Maggie casts a spell at you. The bolt of fire hits you. You resist.
Menkaure calls on the powers of darkness!
Maggie convulses!
Your body is wracked with pain!
You gain the combat prowess of a mighty hero.
Maggie drinks a potion.
Maggie seems to speed up.
Menkaure's bandages flutter.
You hit Maggie.
Maggie is heavily wounded.
Maggie hits you with a +3 war axe!
Menkaure calls on the powers of darkness!
Maggie convulses!
Your body is wracked with pain!
* * * LOW HITPOINT WARNING * * *
Maggie hits you with a +3 war axe.
* * * LOW HITPOINT WARNING * * *
Unknown command.
You hit Maggie. You bite Maggie, but do no damage.
Maggie is almost dead.
You block Maggie's attack. Maggie hits you with a +3 war axe!
You die...

##.## ##.........####.# ##.
#..####..##..###..##..## ###..
#.#...##.###..##).......###....
#####....# #..##..##........##.
##..## #..##..##.....#####.
##.# ##..##.###.###.# ##
...##...#..##..# #..# #
.....#.........## ##.#
###.......@####.# .. ##...M.@##
#.# #.# ....... .. .......
#...... ##..### ∆ ...# ∆ ..#


You could see Maggie (mesmerising, fast) and Menkaure.

Vanquished Creatures
  3 ogres
  Blork the orc (D:4)
  A scorpion (D:4)
  A howler monkey (D:5)
  Crazy Yiuf (D:2)
  A hound (D:5)
  A bullfrog skeleton (D:6)
  2 gnoll shamans
  Jessica (D:3)
  3 iguanas
  4 orc wizards (D:3)
  Terence (D:3)
  Robin (D:3)
  7 adders
  5 gnolls
  An ufetubus (D:6)
  3 worms
  3 dart slugs
  3 orcs
  13 ball pythons
  7 endoplasms
  2 giant cockroaches
  21 goblins
  9 hobgoblins
  2 jackals (D:2)
  2 quokkas
  5 bats
  4 frilled lizards
  9 kobolds
  8 rats
125 creatures vanquished.

Notes
Turn   | Place    | Note
-------+----------+-------------------------------------------
     0 | D:1      | Renzlar the Gnoll Fighter began the quest for the Orb.
     0 | D:1      | Reached XP level 1. HP: 23/23 MP: 1/1
   100 | D:1      | Reached XP level 2. HP: 20/29 MP: 2/2
   262 | D:1      | Reached XP level 3. HP: 25/35 MP: 3/3
   370 | D:1      | You fall into a shaft and drop 1 floor!
   717 | D:1      | Found a faded altar of an unknown god.
   724 | D:1      | Reached skill level 1 in Invocations
  1062 | D:2      | Reached skill level 1 in Short Blades
  1062 | D:2      | Reached skill level 1 in Long Blades
  1062 | D:2      | Reached skill level 1 in Maces & Flails
  1062 | D:2      | Reached skill level 1 in Polearms
  1062 | D:2      | Reached skill level 1 in Staves
  1062 | D:2      | Reached skill level 1 in Slings
  1062 | D:2      | Reached skill level 1 in Bows
  1062 | D:2      | Reached skill level 1 in Crossbows
  1062 | D:2      | Reached skill level 1 in Throwing
  1062 | D:2      | Reached skill level 1 in Dodging
  1062 | D:2      | Reached skill level 1 in Stealth
  1062 | D:2      | Reached skill level 1 in Unarmed Combat
  1062 | D:2      | Reached skill level 1 in Spellcasting
  1062 | D:2      | Reached skill level 1 in Evocations
  1177 | D:2      | Reached XP level 4. HP: 36/41 MP: 5/5
  1355 | D:2      | Found a runed translucent door.
  1356 | D:2      | Noticed Crazy Yiuf
  1362 | D:2      | Killed Crazy Yiuf
  1363 | D:2      | Reached skill level 1 in Conjurations
  1363 | D:2      | Reached skill level 1 in Hexes
  1363 | D:2      | Reached skill level 1 in Summonings
  1363 | D:2      | Reached skill level 1 in Necromancy
  1363 | D:2      | Reached skill level 1 in Translocations
  1363 | D:2      | Reached skill level 1 in Transmutations
  1363 | D:2      | Reached skill level 1 in Fire Magic
  1363 | D:2      | Reached skill level 1 in Ice Magic
  1363 | D:2      | Reached skill level 1 in Air Magic
  1363 | D:2      | Reached skill level 1 in Earth Magic
  1363 | D:2      | Reached skill level 1 in Poison Magic
  1367 | D:2      | Identified the +2 mace "Xuhoarr" {venom, rElec rF++ Str+2
                  | Dex-2}
  1598 | D:2      | Reached XP level 5. HP: 44/47 MP: 6/6
  2042 | D:3      | Noticed Robin
  2162 | D:3      | Killed Robin
  2371 | D:3      | Reached XP level 6. HP: 39/53 MP: 8/8
  2585 | D:3      | Noticed Terence
  2592 | D:3      | Killed Terence
  2593 | D:3      | Reached skill level 5 in Axes
  2904 | D:3      | Found a white marble altar of Elyvilon.
  3035 | D:3      | Noticed Jessica
  3041 | D:3      | Killed Jessica
  3154 | D:4      | Found a runed translucent gate.
  3155 | D:4      | Found a runed translucent gate.
  3155 | D:4      | Noticed BeavisTheGrey's ghost (amateur HOFi)
  3156 | D:4      | Found a runed translucent gate.
  3311 | D:4      | Found a staircase to the Ecumenical Temple.
  3320 | Temple   | Entered the Ecumenical Temple
  3382 | Temple   | Became a worshipper of Warmaster Okawaru
  3434 | D:4      | Reached XP level 7. HP: 59/59 MP: 10/10
  3901 | D:4      | Noticed Blork the orc
  3916 | D:4      | Killed Blork the orc
  4107 | D:4      | Found a sacrificial altar of Ru.
  4223 | D:5      | Entered Level 5 of the Dungeon
  4266 | D:5      | Reached * piety under Okawaru
  4605 | D:5      | Found a glowing silver altar of Zin.
  4802 | D:5      | HP: 1/60 [ogre (29)]
  5165 | D:5      | Reached XP level 8. HP: 62/67 MP: 12/12
  5859 | D:6      | Noticed Maggie
  5862 | D:6      | Noticed Menkaure
  5867 | D:6      | Mangled by Maggie

Illustrated notes

Levels and vault maps discovered:
D:1:      ncdulo_watergridlock, layout_basic,
          hellmonk_ecumenical_altar_inner_sanctum, minmay_cupped
D:2:      minmay_spotlight, layout_basic, minmay_pentomino_q4,
          uniq_crazy_yiuf_cottage
D:3:      layout_loops_ring, mainiacjoe_overflow_brackets,
          kennysheep_generic_room_2, uniq_terence, uniq_robin, uniq_jessica
D:4:      layout_cave_pods, mainiacjoe_overflow_alcove_2,
          minmay_temple_entry_stoned_glass, gammafunk_ghost_nasty_kobolds,
          corexii_item_surrounded_by_moat, kennysheep_generic_room_3,
          uniq_blork_the_orc
D:5:      layout_loops_ring, mainiacjoe_overflow_alcove_1, grunt_decor_arrowhead
D:6:      layout_layer_cave, mainiacjoe_overflow_cross_hatched,
          ebering_ghost_reflecting_pool, uniq_maggie, uniq_menkaure, uniq_pikel
Temple:   jpeg_temple_alley_garden

Skill      XL: |  1  2  3  4  5  6  7  8 |
---------------+-------------------------+-----
Invocations    | 1 2 3 |  3.4
Short Blades   | 1 2 3 |  3.1
Long Blades    | 1 2 3 |  3.1
Maces & Flails | 1 2 3 |  3.1
Polearms       | 1 2 3 |  3.1
Staves         | 1 2 3 |  3.1
Slings         | 1 2 3 |  3.1
Bows           | 1 2 3 |  3.1
Crossbows      | 1 2 3 |  3.1
Throwing       | 1 2 3 |  3.1
Dodging        | 1 2 3 |  3.1
Stealth        | 1 2 3 |  3.1
Unarmed Combat | 1 2 3 |  3.1
Spellcasting   | 1 2 3 |  3.1
Evocations     | 1 2 3 |  3.1
Conjurations   | 1 2 |  2.5
Hexes          | 1 2 |  2.5
Summonings     | 1 2 |  2.5
Necromancy     | 1 2 |  2.5
Translocations | 1 2 |  2.5
Transmutations | 1 2 |  2.5
Fire Magic     | 1 2 |  2.5
Ice Magic      | 1 2 |  2.5
Air Magic      | 1 2 |  2.5
Earth Magic    | 1 2 |  2.5
Poison Magic   | 1 2 |  2.5
Axes           | 5 |  5.5
Fighting       | 7 |  7.3
Armour         | 7 |  7.3
Shields        | 7 |  7.3

Action                   |  1- 3 |  4- 6 |  7- 9 || total
-------------------------+-------+-------+-------++-------
Melee: War axe           |   101 |    29 |    21 ||   151
       Bite              |     8 |    13 |    11 ||    32
       Mace              |       |   112 |    68 ||   180
 Fire: Hunting sling     |       |    42 |    37 ||    79
Throw: Stone             |       |     3 |       ||     3
       Dart              |       |       |     2 ||     2
Invok: Heroism           |       |       |     1 ||     1
  Use: Scroll            |       |     6 |     5 ||    11
       Potion            |       |     1 |       ||     1
Armor: Scale mail        |    42 |       |       ||    42
       Chain mail        |       |   119 |    45 ||   164
Dodge: Dodged            |    29 |    50 |    35 ||   114
Block: Buckler           |    16 |    38 |    18 ||    72
